 Dungeon Crawl Stone Soup version 0.29-a0-270-g1586fc07ea (webtiles) character file.

Game seed: 10997679344235058860

525 drugrobin the Chopper (level 6, -2/52 HPs)
             Began as a Demigod Fighter on Mar 8, 2022.
             Slain by a gnoll
             ... wielding a +2 spear of flaming
              (5 damage)
             ... on level 5 of the Dungeon.
             The game lasted 00:10:14 (4196 turns).

drugrobin the Chopper (Demigod Fighter)             Turns: 4196, Time: 00:10:14

Health: -2/52      AC:  6    Str: 25    XL:     6   Next: 71%
Magic:  8/8        EV: 10    Int: 10    God:
Gold:   231        SH:  4    Dex: 13    Spells: 5/5 levels left

rFire   . . .      SeeInvis .   a - +0 war axe
rCold   . . .      Faith    .   c - +0 buckler
rNeg    . . .      Spirit   .   t - +0 ring mail {rPois}
rPois   +          Reflect  .   (no helmet)
rElec   .          Harm     .   (no cloak)
rCorr   +          Rampage  .   (no gloves)
Will    .....                   r - +0 pair of boots
Stlth   +.........              (no amulet)
HPRegen 0.17/turn               k - ring of resist corrosion
MPRegen 0.11/turn               (no ring)

@: lethally poisoned (-2 -> -9)
A: high MP 1, forlorn, divine attributes
a: no special abilities


You were on level 5 of the Dungeon.
You visited 1 branch of the dungeon, and saw 5 of its levels.

You collected 231 gold pieces.

Inventory:

Hand Weapons
 a - a +0 war axe (weapon)
 s - a +1 mace of holy wrath
Missiles
 h - 193 stones (quivered)
Armour
 c - a +0 buckler (worn)
 n - the +2 scale mail of the Constellations {rC- rCorr Dex+6 SInv}
   (You found it on level 2 of the Dungeon)

   Dex:       It affects your dexterity (+6).
   rC:        It makes you vulnerable to cold.
   SInv:      It lets you see invisible.
   rCorr:     It protects you from acid and corrosion.
 r - a +0 pair of boots (worn)
 t - a +0 ring mail of poison resistance (worn)
Magical Staves
 u - a staff of air
Jewellery
 k - a ring of resist corrosion (left hand)
Scrolls
 f - a scroll of immolation {unknown}
 g - a scroll of fog {unknown}
 i - a scroll of enchant armour {unknown}
 j - a scroll of amnesia {unknown}
 m - a scroll of holy word {unknown}
 o - a scroll of vulnerability {unknown}
 p - a scroll of identify {unknown}
 q - 2 scrolls of teleportation
Potions
 d - 2 potions of might
 l - a potion of flight {unknown}
 v - a potion of magic {unknown}
 w - a potion of berserk rage {unknown}
 x - a potion of mutation {unknown}
 z - a potion of curing {unknown}


   Skills:
 + Level 3.8 Fighting
 * Level 6.4 Axes
 - Level 2.6 Armour
 - Level 2.6 Shields


You had 5 spell levels left.
You didn't know any spells.
Your spell library was empty.

Dungeon Overview and Level Annotations

Branches:
Dungeon (5/15)             Temple (0/1) D:5

Annotations:
D:2 Sigmund


Innate Abilities, Weirdness & Mutations

You have an increased reservoir of magic. (+10% MP)
You shall have no god before yourself.
Your divine heritage dramatically boosts your attributes as you level up.


Message History

A scorpion comes into view.
Unknown command.
Unknown command.
You aren't carrying any items that you can evoke.
Okay, then.
It was a potion of heal wounds.
You feel much better. The scorpion completely misses you.
You slash the gnoll!
The gnoll is severely wounded.
You hit the scorpion but do no damage.
The scorpion stings you but does no damage.
The gnoll hits you from afar with a +2 spear of flaming.
The gnoll burns you. You block the gnoll's attack.
Unknown command.
Unknown command.
Unknown command.
You closely miss the gnoll.
The gnoll is severely wounded.
You closely miss the scorpion. The scorpion stings you.
You are poisoned.
The scorpion poisons you! The gnoll hits you but does no damage.
The gnoll hits you with a +2 whip of flaming!
* * * LOW HITPOINT WARNING * * *
The gnoll burns you.
* * * LOW HITPOINT WARNING * * *
The scorpion stings you but does no damage.
Unknown command.
Unknown command.
Unknown command.
You hit the gnoll but do no damage.
The gnoll is severely wounded.
You barely miss the scorpion.
* * * LOW HITPOINT WARNING * * *
You feel very sick. The gnoll hits you but does no damage.
You block the gnoll's attack. The scorpion stings you.
* * * LOW HITPOINT WARNING * * *
The gnoll misses you.
The gnoll hits you from afar with a +2 spear of flaming.
You die...

*,,,,,,,,,,* *,,* ****,* *,,**
*,,,,,,,,,,**#..#****,,,,***,,,,
*,,,≈≈≈,,,,,,,...,,,,,**,,,,,,,,
*,,≈≈≈≈≈,,**,*..#********,,,,,,,
*,,≈≈∩≈≈,,**,*...,,,,,* *,,..,,,
*,,≈≈≈≈≈,,**,*#.#****,* *,...,..
*,,,≈≈≈,,,**,*#.# *,####..,.g.
*,,,,,,,,,,<,*#s# **#...#**...
*,,,,,,,,,****#@##### #.⌠.# *...
**,*****,,* #.ggg.###...####.#
*,,,,,,,,* #####..........#.#
********,* #..⌠..>..⌠.#.# *,*
#..........).# *,*
#####...###††# *,* #.⌠.# ##..
*,* #...#**##. *,* ###.#,* #.


You could see a scorpion and 3 gnolls.

Vanquished Creatures
  Menkaure (D:4)
  A necrophage (D:4)
  2 hounds (D:5)
  A jelly (D:3)
  Jessica (D:3)
  5 adders
  7 gnolls
  A worm (D:3)
  A dart slug (D:3)
  7 orcs
  6 ball pythons
  3 endoplasms
  8 giant cockroaches
  8 goblins
  12 hobgoblins
  6 jackals
  13 kobolds
  3 quokkas
  3 bats
  7 frilled lizards
  7 rats
103 creatures vanquished.

Notes
Turn   | Place    | Note
-------+----------+-------------------------------------------
     0 | D:1      | drugrobin the Demigod Fighter began the quest for the Orb.
     0 | D:1      | Reached XP level 1. HP: 18/18 MP: 3/3
    17 | D:1      | Reached skill level 2 in Axes
   355 | D:1      | Reached XP level 2. HP: 25/25 MP: 4/4
   565 | D:1      | Reached skill level 3 in Axes
   713 | D:1      | Reached XP level 3. HP: 24/30 MP: 5/5
  1309 | D:2      | Noticed Sigmund
  1388 | D:2      | Identified the +1 ring mail of the Oily God {-Cast Rampage
                  | Stlth+}
  1648 | D:2      | Identified the +2 scale mail of the Constellations {rC-
                  | rCorr Dex+6 SInv}
  1673 | D:2      | Reached skill level 4 in Axes
  1707 | D:2      | You fall into a shaft and drop 1 floor!
  1747 | D:3      | Reached XP level 4. HP: 37/37 MP: 6/6
  2240 | D:3      | Reached skill level 5 in Axes
  2242 | D:3      | Reached XP level 5. HP: 29/42 MP: 7/7
  2555 | D:3      | Noticed Jessica
  2567 | D:3      | Killed Jessica
  3303 | D:4      | Noticed Menkaure
  3777 | D:4      | Killed Menkaure
  3778 | D:4      | Reached skill level 6 in Axes
  3778 | D:4      | Reached XP level 6. HP: 21/51 MP: 8/8
  4112 | D:5      | Entered Level 5 of the Dungeon
  4167 | D:5      | Found a staircase to the Ecumenical Temple.
  4179 | D:5      | HP: 1/52 [gnoll/+2 spear of flaming (2)]
  4196 | D:5      | Slain by a gnoll

Illustrated notes

Levels and vault maps discovered:
D:1:      minmay_arrival_three_doors, layout_basic, dreamdust_princess_bridge,
          minmay_misc_feat_plants, minmay_fountain_box, minmay_liquid_box,
          minivault_14, st_stairs_1, minmay_hedge_maze
D:2:      layout_basic, minmay_misc_feat_tower, uniq_sigmund
D:3:      layout_loops_cross, hangedman_decor_opposing, uniq_jessica
D:4:      layout_loops_ring, kennysheep_generic_room_8, uniq_menkaure
D:5:      layout_loops_ring, minmay_temple_entry_junction, portal_sewer_entry_a,
          minmay_misc_feat_roman

Skill      XL: |  1  2  3  4  5 |
---------------+----------------+-----
Axes           | 2 3 4 5 6 |  6.4
Fighting       | 3 |  3.8
Armour         | |  2.6
Shields        | |  2.6

Action                   |  1- 3 |  4- 6 || total
-------------------------+-------+-------++-------
Melee: War axe           |   128 |   139 ||   267
       Mace              |       |    11 ||    11
Throw: Stone             |     7 |    16 ||    23
  Use: Scroll            |       |     2 ||     2
       Potion            |       |     1 ||     1
 Stab: Sleeping          |     1 |       ||     1
Armor: Scale mail        |    46 |     3 ||    49
       Ring mail         |     8 |    59 ||    67
Dodge: Dodged            |    52 |    67 ||   119
Block: Buckler           |    31 |    36 ||    67

Table legend: (Time is in decaauts)
 A = Elapsed time spent in this place.
 B = Non-inter-level travel time spent in this place.
 C = Inter-level travel time spent in this place.
 D = Time resting spent in this place.
 E = Time spent auto-exploring this place.
 F = Levels seen in this place.
 G = Mean time per level.
                   A        B        C        D        E       F      G
               +--------+--------+--------+--------+--------+-----+--------+
         Total |   4292 |   4140 |    152 |    413 |   2471 |   5 |  858.4 |
       Dungeon |   4292 |   4140 |    152 |    413 |   2471 |   5 |  858.4 |
               +--------+--------+--------+--------+--------+-----+--------+

Top non-repeatable levels by time:
     D:3: 1313 daAuts
     D:1: 1213 daAuts
     D:4: 968 daAuts
     D:2: 710 daAuts
     D:5: 87 daAuts
